 Dungeon Crawl Stone Soup version 0.29-a0-486-ga88943ba61 (console) character file.

Game seed: 17331683859637102773

4 Faeu the Ducker (level 1, 0/16 HPs)
             Began as a Vampire Gladiator on May 26, 2022.
             Slain by a jackal (2 damage)
             ... on level 2 of the Dungeon.
             The game lasted 00:00:54 (122 turns).

Faeu the Ducker (Vampire Gladiator)                  Turns: 122, Time: 00:00:55

Health: 0/16       AC:  4    Str: 13    XL:     1   Next: 50%
Magic:  1/1        EV: 12    Int: 10    God:
Gold:   0          SH:  0    Dex: 15    Spells: 0/0 levels left

rFire   . . .      SeeInvis +   a - +0 rapier {short}
rCold   . . .      Faith    .   (no shield)
rNeg    . . .      Spirit   .   b - +0 leather armour
rPois   .          Reflect  .   c - +0 helmet
rElec   .          Harm     .   (no cloak)
rCorr   .          Rampage  .   (no gloves)
Will    .....                   (no boots)
Stlth   ++........              (no amulet)
HPRegen 0.25/turn               (no ring)
MPRegen 0.07/turn               (no ring)

@: healing quickly
A: alive, fangs 3, see invisible, vampiric 1
a: Exsanguinate


You were on level 2 of the Dungeon.
You visited 1 branch of the dungeon, and saw 2 of its levels.


Innate Abilities, Weirdness & Mutations

Your natural rate of healing is accelerated.
You have razor-sharp teeth.
You have supernaturally acute eyesight. (SInv)
You are afflicted with vampirism.


   Skills:
 - Level 1.7 Fighting
 - Level 3.2 Short Blades
 - Level 1.5 Throwing
 + Level 3.4 Dodging
 + Level 1.2 Stealth


You couldn't memorise any spells.
You didn't know any spells.
Your spell library was empty.

Inventory:

Hand Weapons
 a - a +0 rapier (weapon) {short}
Missiles
 d - 3 throwing nets (quivered) {=f!fthrowing}
 e - a javelin {throwing}
Armour
 b - a +0 leather armour (worn)
 c - a +0 helmet (worn)
Scrolls
 f - a scroll of identify {unknown}

Dungeon Overview and Level Annotations

Branches:
Dungeon (2/15)

Altars:

.... .... ## #
#..# . #.#..#
.# #.#..###.#
#....<...#
#.#h##h###
#..h...#
###h#######
#h.K......
#.@##.....
#.........###.
#.###...###
..... ##.....
##.#### ..#
..#


You could see 4 jackals and a kobold.


Message History

😮 HP[+1]
The jackal attacks as you move away! The jackal closely misses you.
A ball python comes into view.
The ball python hisses angrily.
The jackal attacks as you move away! The jackal bites you. 😮 HP[-3]
You take 3 damage, and now have 9/16 hp.
The jackal attacks as you move away! The jackal closely misses you. 😮 HP[+1]
The jackal bites you but does no damage.
The jackal attacks as you move away! The jackal misses you.
The jackal bites you but does no damage. 😮 HP[+1]
The jackal bites you.
A ball python comes into view. 😮 HP[-1]
You take 1 damage, and now have 10/16 hp.
The jackal attacks as you move away! The jackal barely misses you.
The ball python hisses angrily.
The jackal barely misses you. 😮 HP[+1]
The jackal attacks as you move away! The jackal barely misses you.
The jackal bites you. 😮 HP[-1]
You take 1 damage, and now have 10/16 hp.
The jackal attacks as you move away! The jackal closely misses you. 😮 HP[+1]
The jackal bites you.
* * * LOW HITPOINT WARNING * * *
😨 HP[-3]
You take 3 damage, and now have 8/16 hp.
The jackal attacks as you move away! The jackal bites you.
* * * LOW HITPOINT WARNING * * *
😨 HP[-1]
You take 1 damage, and now have 7/16 hp.
The jackal bites you.
* * * LOW HITPOINT WARNING * * *
😨 HP[-1]
You take 1 damage, and now have 6/16 hp.
A kobold comes into view. It is wielding a +0 club.
An endoplasm comes into view.
The jackal closely misses you.
A goblin comes into view.
It is wielding a +2 dagger of speed. 😨 HP[+1]
The jackal barely misses you. The jackal attacks as you move away!
The jackal misses you. The jackal attacks as you move away!
The jackal misses you.
The goblin shouts!
The kobold shouts!
The endoplasm quivers.
The jackal misses you. The goblin closely misses you.
The endoplasm hits you but does no damage.
You see here 12 gold pieces. 😨 HP[+1]
You puncture the goblin!
You kill the goblin!
The jackal barely misses you. The endoplasm hits you.
* * * LOW HITPOINT WARNING * * *
Your Stealth skill increases to level 1! 😨 HP[-3]
You take 3 damage, and now have 5/16 hp.
The jackal closely misses you.
You see here a +2 dagger of speed {short}.
The jackal closely misses you. 😨 HP[+1]
The jackal attacks as you move away! The jackal closely misses you.
The jackal closely misses you. 😨 HP[+1]
The jackal barely misses you.
A kobold comes into view. It is wielding a +0 dagger.
The jackal attacks as you move away! The jackal bites you.
* * * LOW HITPOINT WARNING * * *
The kobold shouts!
There is a stone staircase leading down here. 😨 HP[-1]
You take 1 damage, and now have 6/16 hp.
The jackal barely misses you.
You climb downwards.
The jackal barks! x3
There is a stone staircase leading up here. 😨 HP[+1]
The jackal attacks as you move away! The jackal bites you.
* * * LOW HITPOINT WARNING * * *
😨 HP[-2]
You take 2 damage, and now have 5/16 hp.
The jackal attacks as you move away!
The jackal bites you but does no damage.
A jackal comes into view. 😨 HP[+1]
A kobold comes into view. It is wielding a +0 dagger.
The kobold hits you with a +0 dagger.
* * * LOW HITPOINT WARNING * * *
😱 HP[-3]
You take 3 damage, and now have 3/16 hp.
The kobold hits you with a +0 dagger.
* * * LOW HITPOINT WARNING * * *
😱 HP[-1]
You take 1 damage, and now have 2/16 hp.
The jackal bites you.
You die...

Skill      XL: |  1 |
---------------+----+-----
Stealth        | 1 |  1.2
Fighting       | |  1.7
Short Blades   | |  3.2
Throwing       | |  1.5
Dodging        | |  3.4

Action                   || total
-------------------------++-------
Melee: Rapier            ||     4
Armor: Leather armour    ||    26
Dodge: Dodged            ||    52

Levels and vault maps discovered:
D:1:      eino_arrival_druids_welcome, layout_loops_ring,
          ebering_ecumenical_altar_rust
D:2:      layout_loops_corners, basic_altar, grunt_decor_resistance

Notes
Turn   | Place    | Note
-------+----------+-------------------------------------------
     0 | D:1      | Faeu the Vampire Gladiator began the quest for the Orb.
     0 | D:1      | Reached XP level 1. HP: 16/16 MP: 1/1
     0 | D:1      | magus.rc [v1.9.6]
   105 | D:1      | Reached skill level 1 in Stealth
   120 | D:2      | HP: 3/16 [kobold/+0 dagger (3)]
   122 | D:2      | Slain by a jackal

Vanquished Creatures
  A goblin (D:1)
  2 jackals (D:1)
3 creatures vanquished.

Vanquished Creatures (others)
  2 plants (D:1)
2 creatures vanquished.

Grand Total: 5 creatures vanquished

Table legend:
 A = Non-vault XP
 B = Vault XP
 C = Vault XP percentage of total XP
 D = Non-vault monster count
 E = Vault monster count
 F = Vault count percentage of total count
                 A         B        C        D         E       F
            +---------+---------+-------+---------+---------+-------
      Total |       6 |       0 |   0.0 |       3 |       0 |   0.0
            +---------+---------+-------+---------+---------+-------
        D:1 |       6 |       0 |   0.0 |       3 |       0 |   0.0
            +---------+---------+-------+---------+---------+-------

Illustrated notes

Table legend:
 A = Kills in this place as a percentage of kills in entire the game.
 B = Kills by you in this place as a percentage of kills by you in the entire game.
 C = Kills by friends in this place as a percentage of kills by friends in the entire game.
 D = Other kills in this place as a percentage of other kills in the entire game.
 E = Experience gained in this place as a percentage of experience gained in the entire game.
 F = Experience gained in this place divided by the number of levels of this place that you have seen.
                   A       B       C       D       E      F
               +-------+-------+-------+-------+-------+----------------------
         Total | 100.0 | 100.0 |   N/A |   N/A | 100.0 |   3.0
       Dungeon | 100.0 | 100.0 |   N/A |   N/A | 100.0 |   3.0
               +-------+-------+-------+-------+-------+----------------------

Table legend: (Time is in decaauts)
 A = Elapsed time spent in this place.
 B = Non-inter-level travel time spent in this place.
 C = Inter-level travel time spent in this place.
 D = Time resting spent in this place.
 E = Time spent auto-exploring this place.
 F = Levels seen in this place.
 G = Mean time per level.
                   A        B        C        D        E       F      G
               +--------+--------+--------+--------+--------+-----+--------+
         Total |    122 |    122 |      0 |      0 |      9 |   2 |   61.0 |
       Dungeon |    122 |    122 |      0 |      0 |      9 |   2 |   61.0 |
               +--------+--------+--------+--------+--------+-----+--------+

Top non-repeatable levels by time:
     D:1: 116 daAuts
     D:2: 5 daAuts
